 Dungeon Crawl Stone Soup version bcrawl-1.28 (webtiles) character file.

Game seed: 17659953574473234113

322755 LostNumber the Quickloader (level 10, -25/63 HPs)
             Began as a Jungle Stalker Archaeologist on Nov 21, 2020.
             Was an Elder of Ru.
             Annihilated by Gastronok (33 damage)
             ... on level 8 of the Dungeon.
             The game lasted 00:16:42 (6629 turns).

LostNumber the Quickloader (VSAc)                   Turns: 6629, Time: 00:16:43

Health: -25/63     AC: 14    Str: 17    XL:     10   Next: 16%
Magic:  11/11      EV:  8    Int: 14    God:    Ru [****..]
Gold:   477        SH:  0    Dex: 13    Spells: 9/9 levels left

rFire    . . .     SeeInvis +   f - +9 heavy crossbow "Sniper" {velocity, Acc+∞ SInv}
rCold    . . .     Gourm    .   (shield currently unavailable)
rNeg     . . .     Faith    .   C - +0 chain mail
rPois    +         Spirit   .   c - +1 hat
rElec    .         Reflect  .   s - scarf {clouds}
rCorr    .         Harm     .   x - +0 pair of gloves (curse)
MR       +....                  d - +2 pair of boots
Stlth    ..........             (no amulet)
HPRegen  0.60/turn              r - ring of flight
MPRegen  0.12/turn              (no ring)

@: no status effects
A: fangs 3, poison resistance, regeneration 1, acidic bite, no potion heal 3,
rot immunity, inability to use devices, hated by all, no conjurations magic, no
necromancy magic, no poison magic, strong jaws
a: Draw Out Power, Power Leap, Renounce Religion, Evoke Fog


You were on level 8 of the Dungeon.
You worshipped Ru.
Ru was greatly pleased with you.
You were near starving.

You visited 1 branch of the dungeon, and saw 8 of its levels.

You collected 477 gold pieces.

Inventory:

Hand Weapons
 a - a +0 whip
 f - the +9 heavy crossbow "Sniper" (weapon) {velocity, Acc+∞ SInv}
   (You acquired it on level 3 of the Dungeon)

   Any bolt fired from it inflicts extra damage.
   It lets you see invisible.
 k - a +0 dagger
   (You took it off a kobold on level 1 of the Dungeon)
 t - a +2 dagger of venom
   (You took it off Ijyb on level 2 of the Dungeon)
 F - the +11 trident of Suicidal Tendencies {elec, rElec rPois Int-3 SInv, unknown}
   (You found it on level 8 of the Dungeon)

   Occasionally, upon striking a foe, it will discharge some electrical energy
   and cause terrible harm.
   It affects your intelligence (-3).
   It insulates you from electricity.
   It protects you from poison.
   It lets you see invisible.
 G - the +8 mace "Usme" {protect, rN+ Str+4 Dex+4, unknown}
   (You found it on level 6 of the Dungeon)

   It grants its wielder temporary protection when it strikes (+7 to AC).
   It affects your strength (+4).
   It affects your dexterity (+4).
   It protects you from negative energy.
Missiles
 E - 400 bolts (quivered)
Armour
 b - a +1 robe
 c - a +1 hat (worn)
 d - a +2 pair of boots (worn)
 s - a scarf of clouds (worn)
   (You found it on level 3 of the Dungeon)
 x - a cursed +0 pair of gloves (worn)
   (You found it on level 4 of the Dungeon)
 C - a +0 chain mail (worn)
   (You found it on level 4 of the Dungeon)
Jewellery
 j - a +4 amulet of reflection {unknown}
   (You found it on level 1 of the Dungeon)
 r - a ring of flight (left hand)
   (You found it on level 2 of the Dungeon)
Scrolls
 g - 4 scrolls of magic mapping
 h - 2 scrolls of fog {unknown}
 l - 3 scrolls of enchant armour
 n - a scroll of noise {unknown}
 o - 5 scrolls of teleportation {@r4}
 v - a scroll of enchant weapon {unknown}
 w - a scroll of remove curse {@r2}
 y - 6 scrolls of identify {@r1}
 D - 3 scrolls of fear {unknown}
 H - a scroll of blinking {unknown}
Potions
 i - 2 potions of invisibility {unknown}
 m - 2 potions of lignification {unknown}
 p - 5 potions of heal wounds {unknown}
 q - 2 potions of agility {unknown}
 u - 3 potions of brilliance {unknown}
 z - a potion of haste {unknown}
 A - a potion of mutation {unknown}
 B - 3 potions of curing {unknown}
 I - a potion of degeneration {unknown}
Comestibles
 e - 12 rations {!d!d}


   Skills:
 + Level 7.1 Fighting
 - Level 2.8 Short Blades
 - Level 0.8 Maces & Flails
 * Level 9.2 Crossbows
 + Level 3.4 Armour
 - Level 3.2 Dodging
 - Level 6.7 Stealth


You had 9 spell levels left.
You didn't know any spells.
Your spell library contained the following spells:

 Spells                   Type           Power        Failure   Level  Hunger
 Corona                   Hex            #......      99%         1    None
 Ensorcelled Hibernation  Hex/Ice        #.....       100%        2    ####...
 Confuse                  Hex            #.......     100%        3    #####..
 Tukima's Dance           Hex            #.......     100%        3    #####..
 Animate Skeleton         Necr           Unusable     N/A         1    N/A
 Pain                     Necr           Unusable     N/A         1    N/A
 Dazzling Orbs            Conj/Hex       Unusable     N/A         3    N/A
 Regeneration             Chrm/Necr      Unusable     N/A         3    N/A
 Vampiric Draining        Necr           Unusable     N/A         3    N/A
 Animate Dead             Necr           Unusable     N/A         4    N/A
 Bolt of Draining         Conj/Necr      Unusable     N/A         5    N/A

Dungeon Overview and Level Annotations

Branches:
Dungeon (8/12)             Temple (0/1) D:7
   Lair: D:7-9          Orc: D:8-11

Altars:
Ashenzari
Elyvilon
Kikubaaqudgha
Ru
Vehumet
The Shining One

Shops:
D:6 [

Annotations:
D:3 1 runed door
D:4 2 transporters
D:8 Gastronok


Innate Abilities, Weirdness & Mutations

You have razor-sharp teeth.
Your system is resistant to poisons. (rPois)
Your natural rate of healing is unusually fast.
You have acidic saliva.
Potions cannot restore your health.
You are immune to rotting.
You cannot study or use magical devices.
You are hated by all.
You cannot study or cast Conjurations magic.
You cannot study or cast Necromancy magic.
You cannot study or cast Poison magic.
Your bites deal extra damage.


Message History

Firing (i - inventory)
E - 403 bolts (quivered)
Aim: Gastronok, wearing a +0 hat (heavily wounded)
You shoot a bolt. The bolt hits Gastronok!
The quokka barely misses you. x2
Gastronok bites you. The white imp barely misses you.
The quokka bites you but does no damage.
The quokka closely misses you.
You redirect Gastronok's attack!
Gastronok bites the quokka!!!
The quokka dies!
The quokka's corpse disappears in a puff of smoke!
The white imp barely misses you.
The quokka is stunned by your will and fails to attack.
The quokka bites you but does no damage.
Gastronok gurgles horribly!
Firing (i - inventory)
E - 402 bolts (quivered)
Aim: Gastronok, wearing a +0 hat (severely wounded)
You shoot a bolt. The bolt hits Gastronok!
The quokka bites you.
Gastronok makes a strange noise.
Gastronok casts a spell.
You feel sluggish. The white imp closely misses you.
The quokka bites you but does no damage.
Gastronok mumbles some strange words.
The quokka closely misses you. Gastronok bites you!
You redirect the white imp's attack!
The white imp hits you but does no damage.
The quokka bites you but does no damage.
The quokka barely misses you. Gastronok bites you!!
* * * LOW HITPOINT WARNING * * *
The white imp gestures at you.
The puff of frost hits you but does no damage.
Firing (i - inventory)
E - 401 bolts (quivered)
Aim: Gastronok, wearing a +0 hat (severely wounded)
You are near starving!
You shoot a bolt. The bolt hits Gastronok.
The quokka bites you but does no damage. x2
The quokka is stunned by your will and fails to attack.
The quokka bites you.
* * * LOW HITPOINT WARNING * * *
You focus your will and blind the quokka in retribution!
Gastronok looks at you while chanting.
You barely resist.
The white imp is stunned by your will and fails to attack.
The quokka bites you but does no damage.
You redirect Gastronok's attack!
Gastronok mumbles some strange words.
The quokka bites you but does no damage.
The quokka is stunned by your will and fails to attack.
Gastronok bites you!!
Ouch! That really hurt!
You die...

.... .#.. ...##... #
... #..#.. .##. ..
#....##.....
##.###### #......$#
#....... #.....#
#...#.#####..#..#
##.###..#55##...##
....
#.......r@r.....#
....
.....#..5rw.....#
...
#....#.##r.###..# ..
#......##.## #..# .
#........#####..#
##.....)...#.#....
#.....##...........
...)........##...##.
$............# #


You could see Gastronok, an iron imp (wandering), a white imp, an ufetubus
(wandering) and 4 quokkas.

Vanquished Creatures
  Pikel (D:6)
  Grinder (D:4)
  Sigmund (D:4)
  A spriggan (D:7)
  A hungry ghost (D:6)
  Eustachio (D:4)
  A yak (D:6)
  Duvessa (D:4)
  A crocodile (D:7)
  2 phantoms
  A necrophage (D:5)
  4 ogres
  3 centaurs
  A bullfrog (D:4)
  Dowan (D:4)
  4 scorpions
  3 howler monkeys
  5 electric eels (D:7)
  6 crimson imps
  2 centaur zombies
  3 hounds
  A jelly (D:7)
  An orc priest (D:6)
  An orc wizard (D:6)
  5 worker ants
  Ijyb (D:2)
  An iguana (D:4)
  3 hound skeletons
  A worker ant zombie (D:5)
  4 gnolls
  6 adders
  An ooze (D:3)
  An adder skeleton (D:7)
  4 worms
  3 dart slugs
  6 leopard geckos
  13 orcs
  3 ball pythons
  4 giant cockroaches
  5 goblins
  12 hobgoblins
  6 jackals
  2 quokkas
  4 bats
  3 frilled lizards
  7 kobolds
  A quokka skeleton (D:6)
  3 rats
146 creatures vanquished.

Vanquished Creatures (others)
  An orc (D:6)
1 creature vanquished.

Grand Total: 147 creatures vanquished

Notes
Turn   | Place    | Note
-------+----------+-------------------------------------------
     0 | D:1      | LostNumber the Vine Stalker Archaeologist began the quest
                  | for the Orb.
     0 | D:1      | Reached XP level 1. HP: 11/11 MP: 2/2
    29 | D:1      | Reached skill level 1 in Fighting
    84 | D:1      | Reached XP level 2. HP: 11/17 MP: 3/3
   209 | D:1      | Reached XP level 3. HP: 20/22 MP: 4/4
   671 | D:2      | Found a white marble altar of Elyvilon.
   692 | D:2      | Found a shattered altar of Ashenzari.
   692 | D:2      | Found a radiant altar of Vehumet.
   696 | D:2      | Found a sacrificial altar of Ru.
   697 | D:2      | Found an ancient bone altar of Kikubaaqudgha.
   710 | D:2      | Became a worshipper of Ru the Awakened
   759 | D:2      | Reached skill level 1 in Short Blades
  1136 | D:2      | Reached XP level 4. HP: 16/27 MP: 5/5
  1780 | D:3      | Reached XP level 5. HP: 29/32 MP: 6/6
  1780 | D:3      | Identified a scroll of acquirement
  1781 | D:3      | Identified the ring "Annerch" {Wiz rElec Str+5 Int+2} (You
                  | acquired it on level 3 of the Dungeon)
  1782 | D:3      | Found the +9 heavy crossbow "Sniper" {velocity, Acc+∞ SInv}
  1807 | D:3      | Found a runed door.
  1943 | D:3      | Gained mutation: You cannot study or use magical devices.
                  | [Ru sacrifice]
  1943 | D:3      | Reached * piety under Ru
  1943 | D:3      | Reached ** piety under Ru
  2068 | D:3      | Reached skill level 1 in Crossbows
  2181 | D:3      | Noticed Ijyb
  2245 | D:2      | Killed Ijyb
  2547 | D:4      | Found a transporter.
  2577 | D:4      | Found a glowing golden altar of the Shining One.
  2616 | D:4      | Reached skill level 2 in Crossbows
  2681 | D:4      | Gained mutation: You have razor-sharp teeth. [Vine Stalker
                  | growth]
  2681 | D:4      | Reached XP level 6. HP: 37/37 MP: 7/7
  2693 | D:4      | Noticed Eustachio
  2701 | D:4      | Killed Eustachio
  2701 | D:4      | Reached skill level 3 in Crossbows
  2758 | D:4      | Noticed a phantom
  2771 | D:4      | Reached XP level 7. HP: 39/42 MP: 8/8
  2856 | D:4      | Reached skill level 4 in Crossbows
  3415 | D:4      | Noticed Sigmund
  3430 | D:4      | Killed Sigmund
  3430 | D:4      | Reached skill level 5 in Crossbows
  3430 | D:4      | Gained mutation: You have acidic saliva. [Jungle Stalker
                  | growth]
  3430 | D:4      | Gained mutation: Your system is resistant to poisons.
                  | (rPois) [Jungle Stalker growth]
  3430 | D:4      | Reached XP level 8. HP: 35/48 MP: 8/9
  3484 | D:4      | Noticed Grinder
  3527 | D:4      | Found a transporter.
  3594 | D:4      | Reached skill level 5 in Fighting
  3838 | D:5      | Entered Level 5 of the Dungeon
  3908 | D:5      | Reached skill level 5 in Stealth
  3937 | D:5      | Gained mutation: You cannot study or cast Poison magic. [Ru
                  | sacrifice]
  3937 | D:5      | Gained mutation: You cannot study or cast Necromancy magic.
                  | [Ru sacrifice]
  3937 | D:5      | Gained mutation: You cannot study or cast Conjurations
                  | magic. [Ru sacrifice]
  3937 | D:5      | Reached *** piety under Ru
  4263 | D:5      | Reached skill level 6 in Crossbows
  4794 | D:4      | Noticed Duvessa
  4794 | D:4      | Noticed Dowan
  4803 | D:4      | Killed Duvessa
  4805 | D:4      | Killed Dowan
  4808 | D:4      | Killed Grinder
  4808 | D:4      | Reached skill level 7 in Crossbows
  4808 | D:4      | Reached XP level 9. HP: 44/55 MP: 10/10
  5090 | D:6      | Reached skill level 1 in Armour
  5153 | D:6      | Got a polished mace
  5291 | D:6      | Noticed Pikel
  5311 | D:6      | Killed Pikel
  5311 | D:6      | Reached skill level 8 in Crossbows
  5462 | D:6      | Found Keetufua's Armour Boutique.
  5959 | D:7      | Reached XP level 10. HP: 59/61 MP: 11/11
  6179 | D:7      | Found a staircase to the Ecumenical Temple.
  6298 | D:7      | Reached skill level 9 in Crossbows
  6325 | D:7      | Gained mutation: You are hated by all. [Ru sacrifice]
  6325 | D:7      | Reached **** piety under Ru
  6557 | D:8      | Got a transparent trident
  6605 | D:8      | Noticed Gastronok
  6629 | D:8      | Annihilated by Gastronok

Skill      XL: |  1  2  3  4  5  6  7  8  9 10 |
---------------+-------------------------------+-----
Fighting       | 1 2 3 4 5 6 7 |  7.1
Short Blades   | 1 2 |  2.8
Crossbows      | 2 3 5 7 8 9 |  9.2
Stealth        | 6 |  6.7
Armour         | 3 |  3.4
Maces & Flails | |  0.8
Dodging        | |  3.2

Action                   |  1- 3 |  4- 6 |  7- 9 | 10-12 || total
-------------------------+-------+-------+-------+-------++-------
Melee: Whip              |    73 |       |       |       ||    73
       Bite              |    25 |    25 |    40 |     2 ||    92
       Dagger            |   125 |   255 |   327 |    47 ||   754
       Unarmed           |       |     5 |       |       ||     5
 Fire: Heavy crossbow    |       |       |    12 |    15 ||    27
Invok: Sacrifice Artific |       |     1 |       |       ||     1
       Sacrifice Arcana  |       |       |     1 |       ||     1
       Sacrifice Love    |       |       |       |     1 ||     1
  Use: Scroll            |       |     4 |       |       ||     4
 Stab: Sleeping          |     6 |     5 |     2 |       ||    13
       Distracted        |     1 |       |     2 |       ||     3
       Invisible         |       |       |     3 |       ||     3
  Eat: Chunk             |     6 |    11 |    21 |     2 ||    40
       Ration            |       |       |     1 |       ||     1
Armor: Robe              |    72 |    38 |    22 |       ||   132
       Skin              |       |     8 |       |       ||     8
       Chain mail        |       |       |    79 |    38 ||   117
Dodge: Dodged            |   157 |   122 |   108 |    28 ||   415
